 Dungeon Crawl Stone Soup version 0.24-a0-48-g0ecae65 (webtiles) character file.

Game seed: 3449040878194352243

86 Prop the Caller (level 4, -3/24 HPs)
             Began as a Tengu Summoner on Feb 3, 2019.
             Killed by divine providence
             ... invoked by an orc priest
              (15 damage)
             ... on level 3 of the Dungeon.
             The game lasted 00:05:47 (2588 turns).

Prop the Caller (Tengu Summoner)                    Turns: 2588, Time: 00:05:48

Health: -3/24      AC:  6    Str:  9    XL:     4   Next: 50%
Magic:  4/8        EV: 10    Int: 15    God:
Gold:   90         SH:  4    Dex: 15    Spells: 2/8 levels left

rFire    . . .     SeeInvis .   l - +2 whip (venom)
rCold    . . .     Gourm    .   j - +0 buckler
rNeg     . . .     Faith    .   b - +0 ring mail
rPois    .         Spirit   .   (helmet restricted)
rElec    .         Reflect  .   o - +0 cloak (curse)
rCorr    .         Harm     .   (no gloves)
MR       .....                  (boots unavailable)
Stlth    +.........             (no amulet)
HPRegen  0.08/turn              (no ring)
MPRegen  0.11/turn              (no ring)

@: no status effects
A: beak, talons 3
a: no special abilities


You were on level 3 of the Dungeon.
You were not hungry.

You visited 1 branch of the dungeon, and saw 3 of its levels.

You collected 90 gold pieces.

Inventory:

Hand Weapons
 d - a +0 short sword
 l - a +2 whip of venom (weapon)
 n - a +0 trident
Armour
 a - a +0 robe
 b - a +0 ring mail (worn)
 j - a +0 buckler (worn)
 o - a cursed +0 cloak (worn)
Scrolls
 f - 3 scrolls of amnesia {unknown}
 g - 4 scrolls of identify {unknown}
 h - a scroll of enchant armour {unknown}
 i - 2 scrolls of enchant weapon {unknown}
 k - a scroll of teleportation {unknown}
Potions
 e - a potion of agility {unknown}
 p - a potion of brilliance {unknown}
Comestibles
 c - 6 rations
 m - 6 chunks of flesh


   Skills:
 + Level 0.7 Fighting
 - Level 0.1 Maces & Flails
 * Level 1.5 Armour
 - Level 2.3 Dodging
 - Level 2.0 Stealth
 * Level 1.4 Shields
 + Level 2.5 Spellcasting
 + Level 5.5 Summonings


You had 2 spell levels left.
You knew the following spells:

 Your Spells              Type           Power        Failure   Level  Hunger
a - Summon Small Mammal   Summ           ###.         9%          1    #......
b - Call Imp              Summ           ###.....     12%         2    ###....
c - Call Canine Familiar  Summ           ###.....     24%         3    ###....

Your spell library contained the following spells:

 Spells                   Type           Power        Failure   Level  Hunger
 Summon Guardian Golem    Hex/Summ       ##......     58%         3    ###....
 Summon Ice Beast         Ice/Summ       ##......     94%         4    #####..
 Summon Lightning Spire   Summ/Air       ##......     94%         4    #####..


Dungeon Overview and Level Annotations

Branches:
Dungeon (3/15)

Altars:
Dithmenos
Okawaru
Sif Muna


Innate Abilities, Weirdness & Mutations

You have a beak for a mouth.
You have claws for feet.


Message History

You block the orc's attack.
Your crimson imp blinks!
The orc hits you but does no damage. The orc barely misses you.
You hit the orc priest.
You peck the orc priest, but do no damage.
The orc priest is severely wounded.
The orc priest hits you with a +0 mace. The orc completely misses you.
The orc closely misses you.
Your ring mail prevents you from hitting the orc priest.
The orc priest is severely wounded.
You block the orc priest's attack. The orc closely misses you.
The orc barely misses you.
You hit the orc priest but do no damage.
The orc priest looks as sick as possible!
The orc priest is severely wounded.
The orc hits you.
The orc priest mumbles some strange prayers to Beogh against you.
Beogh smites you!
Ouch! That really hurt!
You die...

..# #.# .# #.# .# #.#
#.# #+## #.# #####.#####
#...# #.#####.........#
#.....
.....##.....###.##......
#.##.##..#...##h#o......
...............5@oo.....
#.##.##.##...##.#o......
..##.##.###.###.##......
.....##.###.###.# #.....
#######.........# #...#
#####.##### #+## #.# #.#
# ...


You could see an orc priest, 3 orcs, a friendly hound and a friendly crimson
imp.

Vanquished Creatures
  2 adders
  2 worms (D:2)
  A dart slug (D:2)
  A leopard gecko (D:2)
  7 bats
  3 giant cockroaches
  5 goblins
  4 hobgoblins
  2 jackals (D:3)
  3 kobolds (D:2)
  2 ball pythons (D:2)
  3 frilled lizards (D:2)
  6 rats
41 creatures vanquished.

Vanquished Creatures (collateral kills)
  An orc wizard (D:3)
  2 goblins (D:1)
  A hobgoblin (D:1)
  2 kobolds (D:1)
6 creatures vanquished.

Grand Total: 47 creatures vanquished

Notes
Turn   | Place    | Note
-------+----------+-------------------------------------------
     0 | D:1      | Prop the Tengu Summoner began the quest for the Orb.
     0 | D:1      | Reached XP level 1. HP: 10/10 MP: 4/4
   318 | D:1      | Reached skill level 5 in Summonings
   320 | D:1      | Reached XP level 2. HP: 9/15 MP: 4/6
  1309 | D:2      | Reached XP level 3. HP: 5/19 MP: 7/7
  1625 | D:2      | Learned a level 2 spell: Call Imp
  1629 | D:2      | Learned a level 3 spell: Call Canine Familiar
  1917 | D:2      | Reached skill level 1 in Shields
  1999 | D:2      | Found a shadowy altar of Dithmenos.
  2154 | D:2      | Found an iron altar of Okawaru.
  2159 | D:2      | Found a deep blue altar of Sif Muna.
  2424 | D:3      | Reached skill level 1 in Armour
  2424 | D:3      | Reached XP level 4. HP: 23/24 MP: 8/8
  2588 | D:3      | Killed from afar by an orc priest

Vault maps used:
D:1:      nicolae_arrival_memento_mori, minivault_5, minmay_tromino_mix6
D:2:      nicolae_overflow_crystal_walls, nicolae_overflow_hidden_temple,
          feat_on_display

Skill      XL: |  1  2  3 |
---------------+----------+-----
Summonings     | 5 |  5.5
Shields        | 1 |  1.4
Armour         | 1 |  1.5
Fighting       | |  0.7
Maces & Flails | |  0.1
Dodging        | |  2.3
Stealth        | |  2.0
Spellcasting   | |  2.5

Action                   |  1- 3 |  4- 6 || total
-------------------------+-------+-------++-------
Melee: Unarmed           |    10 |       ||    10
       Short sword       |    20 |       ||    20
       Kick              |    15 |       ||    15
       Whip              |    60 |    16 ||    76
       Peck              |     6 |     3 ||     9
 Cast: Summon Small Mamm |    12 |       ||    12
       Call Imp          |     2 |     1 ||     3
       Call Canine Famil |       |     1 ||     1
 Stab: Sleeping          |     4 |       ||     4
  Eat: Chunk             |     5 |     1 ||     6
Armor: Robe              |    11 |       ||    11
       Ring mail         |    12 |     6 ||    18
Dodge: Dodged            |    52 |    11 ||    63
Block: Buckler           |     8 |     5 ||    13

Table legend:
 A = Non-vault XP
 B = Vault XP
 C = Vault XP percentage of total XP
 D = Non-vault monster count
 E = Vault monster count
 F = Vault count percentage of total count
                 A         B        C        D         E       F
            +---------+---------+-------+---------+---------+-------
      Total |     118 |       6 |   4.8 |      43 |       4 |   8.5
            +---------+---------+-------+---------+---------+-------
        D:1 |      17 |       6 |  26.1 |      13 |       4 |  23.5
        D:2 |      52 |       0 |   0.0 |      24 |       0 |   0.0
        D:3 |      49 |       0 |   0.0 |       6 |       0 |   0.0
            +---------+---------+-------+---------+---------+-------
